AoeStats
← 从不压堡之人

Arena

509862251Analyzed
4v4 RM · 3d ago on Sep 28, 2026· 63m 14s· 8 players
Game mode
Random Map
Map size
Large (8 player)
Population
200
Speed
Normal
Resources
Standard
Victory
Conquest
Starting age
Dark Age
Ending age
Imperial Age
RankedLock teamsTeams togetherTeam positionsShared explorationLock speedFull tech treeHidden civsTurbo modeCheats
Victory
Defeat
🇯🇵 Saxons · Japan
1224
+13
🇧🇷 Franks · Brazil
1189
+15
🇨🇭 Hindustanis · Switzerland
1185
+15
🇨🇳 Celts · China
1181
+15
🇨🇳 Gurjaras · China
1307
-20
1194
-16
🇨🇳 Mongols · China
1102
-12
🇨🇳 Spanish · China
1056
-10
从不压堡之人
10:48 Feudal Age
12:14 Double-Bit Axe
14:52 Castle Age
12:40 Horse Collar
14:02 Wheelbarrow
16:17 Bow Saw
18:40 Town Watch
19:02 Heavy Plow
19:49 Loom
23:48 Fervor
25:04 Gold Mining
26:10 Hand Cart
26:48 Fletching
27:21 Ballistics
27:53 Bodkin Arrow
32:34 Imperial Age
30:09 Inquisition
31:06 Husbandry
31:16 Bloodlines
32:13 Redemption
32:24 Sanctity
32:41 Town Patrol
34:18 Bracer
34:23 Scale Barding Armor
34:31 Caravan
34:45 Guilds
34:34 Stone Mining
35:35 Supremacy
35:36 Conscription
36:22 Theocracy
36:03 Block Printing
36:15 Illumination
36:06 Block Printing
37:16 Guard Tower
37:11 Arrowslits
38:05 Stone Shaft Mining
38:07 Atonement
39:37 Chemistry
38:50 Masonry
38:50 Fortified Wall
40:23 Devotion
42:33 Chain Barding Armor
42:14 Padded Archer Armor
43:40 Murder Holes
44:20 Keep
44:15 Architecture
44:07 Bombard Tower
45:13 Elite Conquistador
46:30 Plate Barding Armor
46:11 Leather Archer Armor
46:12 Sappers
56:38 Hoardings
58:51 Two-Man Saw
叫声乌鸦哥
10:03 Feudal Age
13:46 Castle Age
11:37 Double-Bit Axe
12:07 Horse Collar
14:38 Heavy Plow
15:38 Bow Saw
21:57 Wheelbarrow
21:44 Gold Mining
23:31 Gold Shaft Mining
23:51 Hand Cart
24:14 Stone Mining
25:03 Town Watch
28:16 Imperial Age
26:11 Forging
26:07 Fletching
26:54 Ballistics
27:06 Bodkin Arrow
27:51 Padded Archer Armor
28:03 Husbandry
28:18 Bloodlines
28:04 Loom
29:02 Kshatriyas
30:00 Chemistry
29:01 Bracer
29:10 Thumb Ring
30:14 Conscription
29:47 Elite Elephant Archer
30:50 Leather Archer Armor
34:16 Frontier Guards
35:12 Caravan
36:57 Devotion
38:51 Elite Chakram Thrower
39:33 Scale Mail Armor
39:45 Forging
39:21 Arson
40:54 Stone Shaft Mining
41:15 Heresy
41:29 Treadmill Crane
42:10 Masonry
42:37 Hoardings
43:01 Iron Casting
42:42 Chain Mail Armor
44:07 Architecture
46:34 Plate Mail Armor
我不是蓝精灵
10:28 Feudal Age
11:42 Double-Bit Axe
11:39 Horse Collar
14:22 Castle Age
13:54 Wheelbarrow
15:30 Bow Saw
16:22 Heavy Plow
18:08 Town Watch
19:04 Loom
21:17 Hand Cart
22:35 Gold Mining
26:46 Town Patrol
29:28 Imperial Age
27:21 Bloodlines
27:11 Husbandry
27:10 Fletching
27:38 Forging
28:10 Scale Barding Armor
30:21 Iron Casting
30:25 Chain Barding Armor
29:57 Elite Steppe Lancer
33:02 Blast Furnace
32:37 Caravan
34:51 Bodkin Arrow
34:56 Padded Archer Armor
35:08 Light Cavalry
36:44 Elite Mangudai
37:46 Conscription
38:41 Chemistry
37:53 Masonry
38:16 Bracer
38:32 Leather Archer Armor
38:44 Parthian Tactics
38:31 Thumb Ring
39:06 Gold Shaft Mining
38:24 Stone Mining
39:30 Drill
39:37 Ballistics
40:21 Hoardings
39:37 Onager
40:34 Fortified Wall
40:36 Masonry
41:45 Coinage
42:08 Scale Mail Armor
42:29 Nomads
42:00 Sappers
44:14 Banking
44:31 Siege Onager
48:26 Capped Ram
50:02 Chain Mail Armor
49:54 Siege Engineers
49:45 Murder Holes
50:44 Siege Ram
54:28 Stone Shaft Mining
55:32 Heavy Scorpion
60:16 Guard Tower
61:36 Heresy
61:16 Devotion
61:48 Herbal Medicine
63:15 Plate Mail Armor
62:21 Hussar
62:22 Cavalier
62:22 Heavy Camel Rider
62:45 Man-at-Arms
62:46 Pikeman
63:26 Squires
63:12 Arson
我独自送头 Solo Feeding
10:44 Feudal Age
11:50 Double-Bit Axe
14:24 Castle Age
12:19 Horse Collar
14:55 Wheelbarrow
23:58 Bow Saw
27:29 Imperial Age
25:01 Gold Mining
25:28 Loom
26:03 Scale Barding Armor
26:08 Forging
26:18 Hand Cart
25:52 Town Watch
26:20 Heavy Plow
27:17 Chain Barding Armor
29:05 Two-Man Saw
28:47 Crop Rotation
28:17 Elite War Elephant
29:57 Plate Barding Armor
29:38 Bloodlines
30:29 Conscription
32:26 Iron Casting
32:00 Devotion
34:25 Caravan
35:32 Coinage
36:00 Guilds
36:49 Faith
38:17 Fletching
39:29 Blast Furnace
38:20 Fletching
39:40 Ballistics
40:25 Husbandry
41:32 Town Patrol
41:49 Citadels
42:25 Masonry
43:16 Chemistry
42:28 Masonry
42:55 Hoardings
41:56 Light Cavalry
43:07 Hussar
48:29 Architecture
47:57 Murder Holes
52:18 Bodkin Arrow
52:25 Kamandaran
54:48 Crossbowman
55:34 Thumb Ring
60:29 Gold Shaft Mining
59:45 Stone Mining
60:17 Guard Tower
Maya
0:27 Loom
10:48 Feudal Age
12:40 Double-Bit Axe
12:43 Horse Collar
15:27 Castle Age
14:02 Fletching
14:54 Gold Mining
17:21 Bodkin Arrow
24:12 Bow Saw
23:44 Crossbowman
25:52 Gold Shaft Mining
25:42 Pikeman
27:35 Ballistics
28:12 Heavy Plow
30:16 Thumb Ring
31:40 Wheelbarrow
30:51 Town Watch
32:35 Padded Archer Armor
32:36 Scale Mail Armor
32:38 Squires
36:36 Imperial Age
34:22 Hand Cart
35:10 Fortified Wall
34:41 Treadmill Crane
35:12 Masonry
35:21 Chain Mail Armor
35:38 Stone Mining
36:21 Sanctity
36:12 Redemption
36:41 Elite Skirmisher
38:30 Chemistry
37:00 Clerical Recruitment
37:49 Bracer
40:00 Leather Archer Armor
40:15 Plate Mail Armor
39:56 Forging
39:28 Arbalester
41:22 Conscription
40:56 Capped Ram
41:26 Gambesons
42:52 Illumination
42:34 Halberdier
43:00 Arson
44:40 Block Printing
47:06 Theocracy
47:32 Ring Archer Armor
47:37 Iron Casting
52:33 Caravan
52:59 Siege Ram
54:29 Arrowslits
55:17 Architecture
55:31 Town Patrol
56:32 Two-Man Saw
57:04 Shield Wall
62:24 Hoardings
Dvu
10:46 Feudal Age
14:33 Castle Age
13:57 Double-Bit Axe
14:32 Loom
16:40 Horse Collar
21:05 Scale Mail Armor
25:21 Scale Mail Armor
25:32 Forging
26:22 Chain Mail Armor
32:51 Wheelbarrow
35:14 Imperial Age
33:23 Heavy Plow
34:35 Bloodlines
35:14 Husbandry
37:29 Light Cavalry
38:33 Heavy Camel Rider
39:43 Scale Barding Armor
45:30 Hand Cart
46:47 Fletching
48:18 Bow Saw
47:59 Gold Mining
48:00 Stone Mining
51:06 Chain Barding Armor
52:48 Elite Skirmisher
53:33 Thumb Ring
54:11 Plate Barding Armor
54:11 Iron Casting
54:52 Bodkin Arrow
54:57 Padded Archer Armor
57:47 Blast Furnace
61:21 Chemistry
60:42 Ballistics
61:18 Hussar
noob
11:15 Feudal Age
16:41 Castle Age
22:54 Forging
22:49 Scale Barding Armor
22:51 Husbandry
23:14 Loom
24:04 Wheelbarrow
23:15 Town Watch
23:16 Double-Bit Axe
23:31 Gold Mining
25:19 Town Patrol
25:33 Bow Saw
28:26 Hand Cart
30:35 Iron Casting
30:20 Chain Barding Armor
33:22 Gold Shaft Mining
32:42 Stone Mining
36:00 Imperial Age
33:23 Pikeman
34:03 Squires
34:07 Scale Mail Armor
34:05 Treadmill Crane
34:47 Ballistics
34:24 Murder Holes
34:39 Fortified Wall
34:41 Masonry
35:30 Chain Mail Armor
36:11 Halberdier
38:29 Blast Furnace
38:04 Plate Barding Armor
37:59 Plate Mail Armor
37:21 Fletching
37:31 Padded Archer Armor
38:04 Elite Skirmisher
40:08 Cavalier
41:05 Padded Archer Armor
42:05 Bodkin Arrow
42:26 Leather Archer Armor
42:30 Siege Engineers
42:55 Architecture
43:26 Chemistry
44:22 Conscription
44:04 Chivalry
43:28 Paladin
51:35 Onager
61:34 Caravan
一把葱
11:14 Feudal Age
15:18 Castle Age
13:17 Double-Bit Axe
14:12 Horse Collar
17:27 Wheelbarrow
17:33 Bow Saw
20:08 Heavy Plow
22:01 Loom
27:48 Imperial Age
26:15 Hand Cart
25:46 Town Watch
27:52 Town Patrol
28:10 Scale Mail Armor
28:20 Forging
28:08 Gold Mining
27:55 Capped Ram
28:09 Onager
29:12 Chain Mail Armor
28:57 Siege Ram
30:43 Iron Casting
30:01 Man-at-Arms
30:46 Gambesons
31:36 Plate Mail Armor
30:44 Long Swordsman
31:11 Arson
31:11 Heavy Scorpion
31:29 Two-Handed Swordsman
32:33 Fortified Wall
32:35 Masonry
33:33 Blast Furnace
32:33 Champion
32:49 Pikeman
33:31 Pikeman
34:31 Halberdier
35:27 Furor Celtica
35:38 Conscription
35:13 Stronghold
35:47 Fletching
36:37 Gold Shaft Mining
35:53 Halberdier
38:22 Chemistry
37:18 Murder Holes
37:29 Siege Engineers
49:46 Stone Mining
51:07 Bodkin Arrow
51:13 Padded Archer Armor
58:43 Ballistics
58:16 Guard Tower
58:12 Arrowslits
58:39 Clinker Construction
62:36 Keep
Connection lost

Rejoining the realm…

Still unreachable

The connection could not be restored.

Session expired

The server has moved on; the page needs a fresh start.